 Dungeon Crawl Stone Soup version 0.26-a0-79-g47e9afce7f (webtiles) character file.

Game seed: 11949376148248402565

383 vurker the Bolt Thrower (level 7, -7/54 HPs)
             Began as a Formicid Arcane Marksman on June 15, 2020.
             Killed by divine providence
             ... invoked by an orc priest
              (15 damage)
             ... on level 3 of the Dungeon.
             The game lasted 00:05:12 (2951 turns).

vurker the Bolt Thrower (Formicid Arcane Marksman)  Turns: 2951, Time: 00:05:13

Health: -7/54      AC:  9    Str: 16    XL:     7   Next: 5%
Magic:  8/8        EV:  9    Int: 13    God:
Gold:   149        SH:  0    Dex: 11    Spells: 8/8 levels left

rFire    . . .     SeeInvis +   b - +0 falchion
rCold    . . .     Gourm    .   (no shield)
rNeg     . . .     Faith    .   o - +2 scale mail {MR+}
rPois    .         Spirit   .   (helmet unavailable)
rElec    .         Reflect  .   (no cloak)
rCorr    .         Harm     .   i - +0 pair of gloves
MR       +....                  (no boots)
Stlth    ..........             (no amulet)
HPRegen  0.18/turn              (no ring)
MPRegen  0.11/turn              (no ring)

@: no status effects
A: permanent stasis, dig shafts and tunnels, four strong arms, antennae 3
a: Dig, Shaft Self


You were on level 3 of the Dungeon.
You were near starving.

You visited 1 branch of the dungeon, and saw 3 of its levels.

You collected 149 gold pieces.

Inventory:

Hand Weapons
 a - a +1 hand crossbow
 b - a +0 falchion (weapon)
   (You took it off Terence on level 2 of the Dungeon)
Armour
 i - a +0 pair of gloves (worn)
   (You found it on level 2 of the Dungeon)
 o - a +2 scale mail of magic resistance (worn)
   (You took it off Terence on level 2 of the Dungeon)
Scrolls
 c - a scroll of identify
 f - a scroll of remove curse
 g - a scroll of amnesia
Potions
 n - 2 potions of might
Comestibles
 e - 3 rations


   Skills:
 + Level 4.2 Fighting
 * Level 5.8 Crossbows
 - Level 1.7 Dodging
 - Level 1.1 Spellcasting
   Level 3.6 Hexes


You had 8 spell levels left.
You didn't know any spells.
Your spell library contained the following spells:

 Spells                   Type           Power        Failure   Level  Hunger
 Corona                   Hex            ##.....      24%         1    ##.....
 Slow                     Hex            ##......     36%         2    ###....
 Inner Flame              Hex/Fire       #.......     83%         3    ####...
 Portal Projectile        Hex/Tloc       #.....       83%         3    ####...
 Cause Fear               Hex            ##........   94%         4    #####..
 Leda's Liquefaction      Hex/Erth       #.........   99%         4    #####..


Dungeon Overview and Level Annotations

Branches:
Dungeon (3/15)

Altars:


Innate Abilities, Weirdness & Mutations

You cannot be hasted, slowed, berserked, paralysed or teleported.
You can dig through walls and to a lower floor.
Your four strong arms can wield two-handed weapons with a shield.
You have a pair of large antennae on your head. (SInv)


Message History

You feel less invigorated.
You feel less confused.
You hit the orc. The orc hits you with a +0 mace. The orc barely misses you.
You hit the orc. The orc hits you but does no damage.
You barely miss the orc. The orc closely misses you.
You riposte.
You hit the orc. You barely miss the orc. The orc hits you but does no damage.
You closely miss the orc. The orc barely misses you.
You barely miss the orc. The orc hits you with a +0 mace.
You closely miss the orc. The orc hits you but does no damage.
You hit the orc.
You kill the orc!
You barely miss the orc priest. The orc priest barely misses you.
You riposte.
You barely miss the orc priest. You hit the orc priest.
The orc priest miscasts a cantrip.
You closely miss the orc priest. The orc priest barely misses you.
The orc priest calls down the wrath of Beogh upon you.
Pain shoots through your body!
You hit the orc priest. The orc priest barely misses you.
You closely miss the orc priest. The orc priest closely misses you.
You barely miss the orc priest. The orc priest barely misses you.
You barely miss the orc priest. The orc priest barely misses you.
You hit the orc priest.
The orc priest calls down the wrath of Beogh upon you.
You resist with some effort.
The orc priest hits you but does no damage.
You hit the orc priest but do no damage.
The orc priest hits you but does no damage.
You closely miss the orc priest.
The orc priest calls down the wrath of Beogh upon you.
Beogh smites you!
* * * LOW HITPOINT WARNING * * *
You hit the orc priest but do no damage.
The orc priest hits you but does no damage.
You hit the orc priest. The orc priest completely misses you.
You hit the orc priest.
You kill the orc priest!
You have reached level 7!
You hit the orc priest.
The orc priest hits you with a +0 dagger.
* * * LOW HITPOINT WARNING * * *
Okay, then.
You slash the orc priest!
The orc priest mumbles some strange prayers to Beogh against you.
Beogh smites you!
* * * LOW HITPOINT WARNING * * *
The orc priest invokes the aid of Beogh against you.
Beogh smites you!
You die...

#........##.#######
#........##.......#
#....(...##..####.#
........##..#
#########.o####.#..
.........)(o(...
#######.####....
##o# # #@## ###


You could see an orc priest.

Vanquished Creatures
  A big kobold (D:3)
  2 orc wizards (D:2)
  An orc priest (D:3)
  Terence (D:2)
  4 gnolls (D:2)
  5 adders
  An ooze (D:2)
  5 worms
  4 dart slugs
  2 leopard geckos
  6 orcs
  4 giant cockroaches
  5 goblins
  4 hobgoblins
  10 jackals
  13 kobolds
  A quokka (D:2)
  5 bats
  3 frilled lizards (D:2)
  9 rats
86 creatures vanquished.

Notes
Turn   | Place    | Note
-------+----------+-------------------------------------------
     0 | D:1      | vurker the Formicid Arcane Marksman began the quest for the
                  | Orb.
     0 | D:1      | Reached XP level 1. HP: 15/15 MP: 2/2
   314 | D:1      | Reached XP level 2. HP: 21/21 MP: 3/3
   738 | D:2      | Noticed Terence
   743 | D:2      | Reached skill level 3 in Crossbows
   743 | D:2      | Reached XP level 3. HP: 24/27 MP: 4/4
   760 | D:2      | Killed Terence
   760 | D:2      | Reached XP level 4. HP: 18/34 MP: 5/5
  1391 | D:2      | Reached skill level 4 in Crossbows
  1391 | D:2      | Reached XP level 5. HP: 40/40 MP: 6/6
  1872 | D:2      | Reached XP level 6. HP: 37/47 MP: 7/7
  1874 | D:2      | Reached skill level 5 in Crossbows
  2949 | D:3      | Reached XP level 7. HP: 17/54 MP: 8/8
  2951 | D:3      | Killed from afar by an orc priest

Illustrated notes

Levels and vault maps discovered:
D:1:      dpeg_arrival_arbitrary_b, layout_rooms
D:2:      minmay_chambers_of_ones, layout_basic, uniq_terence
D:3:      layout_basic

Skill      XL: |  1  2  3  4  5  6 |
---------------+-------------------+-----
Fighting       | 2 3 4 |  4.2
Crossbows      | 3 4 5 |  5.8
Dodging        | |  1.7
Spellcasting   | |  1.1
Hexes          | |  3.6

Action                   |  1- 3 |  4- 6 |  7- 9 || total
-------------------------+-------+-------+-------++-------
Melee: Falchion          |       |   169 |     2 ||   171
       Unarmed           |       |     6 |       ||     6
       Mace              |       |     1 |       ||     1
 Fire: Hand crossbow     |    58 |    81 |       ||   139
 Abil: Dig               |       |     1 |       ||     1
  Use: Scroll            |       |     7 |       ||     7
       Potion            |       |     1 |       ||     1
  Eat: Chunk             |       |     5 |       ||     5
Armor: Ring mail         |    14 |       |       ||    14
       Scale mail        |       |   113 |       ||   113
Dodge: Dodged            |    23 |   134 |       ||   157
       Rpst.: Falchion   |       |    40 |       ||    40

Table legend:
 A = Non-vault XP
 B = Vault XP
 C = Vault XP percentage of total XP
 D = Non-vault monster count
 E = Vault monster count
 F = Vault count percentage of total count
                 A         B        C        D         E       F
            +---------+---------+-------+---------+---------+-------
      Total |     497 |      51 |   9.3 |      80 |       6 |   7.0
            +---------+---------+-------+---------+---------+-------
        D:1 |      21 |       0 |   0.0 |      11 |       0 |   0.0
        D:2 |     263 |      51 |  16.2 |      40 |       6 |  13.0
        D:3 |     213 |       0 |   0.0 |      29 |       0 |   0.0
            +---------+---------+-------+---------+---------+-------
